AoeStats
← O salteador de ovelhas

Nomad

505529638Analyzed
3v3 RM · 22d ago on Sep 9, 2026· 47m 40s· 6 players
Game mode
Random Map
Map size
210×210
Population
200
Speed
Normal
Resources
Standard
Victory
Conquest
Starting age
Dark Age
Ending age
Imperial Age
RankedLock teamsTeams togetherTeam positionsShared explorationLock speedFull tech treeHidden civsTurbo modeCheats
Victory
Defeat
🇪🇸 Goths · Spain
1196
+10
🇪🇸 Jurchens · Spain
1028
+16
1026
+16
🇵🇹 Bohemians · Portugal
1059
-15
🇵🇹 Britons · Portugal
1044
-14
🇵🇹 Bulgarians · Portugal
1010
-13
sloopy86
3:30 Loom
15:02 Feudal Age
15:54 Double-Bit Axe
16:18 Horse Collar
22:05 Castle Age
20:34 Town Watch
21:24 Wheelbarrow
21:17 Stone Mining
22:23 Fletching
24:16 Murder Holes
24:27 Bodkin Arrow
25:53 Husbandry
34:58 Imperial Age
33:21 Bloodlines
33:08 Gold Mining
34:48 Bow Saw
37:29 Squires
38:35 Gambesons
O salteador de ovelhas
4:06 Loom
15:17 Feudal Age
16:08 Fishing Lines
23:10 Castle Age
24:18 Medium Warships
25:01 Wheelbarrow
24:11 Town Watch
24:31 Gillnets
24:53 Double-Bit Axe
25:51 Bow Saw
26:14 Hand Cart
31:20 Imperial Age
30:40 Town Patrol
41:07 Ballistics
43:27 Chemistry
Kingping
4:59 Loom
14:45 Feudal Age
15:31 Double-Bit Axe
20:33 Castle Age
18:20 Town Watch
18:28 Fletching
18:39 Padded Archer Armor
22:19 Bodkin Arrow
22:40 Leather Archer Armor
23:34 Wheelbarrow
23:35 Horse Collar
23:43 Crossbowman
24:53 Pikeman
28:41 Bow Saw
34:45 Imperial Age
33:19 Scale Mail Armor
34:03 Masonry
35:02 Arbalester
35:59 Bracer
36:30 Ring Archer Armor
36:17 Chain Mail Armor
36:12 Forging
35:26 Man-at-Arms
37:07 Ballistics
36:44 Murder Holes
40:42 Iron Casting
40:37 Plate Mail Armor
40:37 Heavy Plow
40:58 Long Swordsman
41:23 Gambesons
41:39 Squires
41:24 Arson
42:44 Blast Furnace
41:37 Gold Mining
41:40 Stone Mining
41:59 Two-Handed Swordsman
43:40 Hand Cart
44:38 Champion
[JGPTK] AntonioStekelenburg
4:57 Loom
13:36 Feudal Age
20:05 Castle Age
18:41 Double-Bit Axe
24:08 Horse Collar
27:12 Fletching
33:00 Wheelbarrow
33:42 Gold Mining
34:00 Bodkin Arrow
38:58 Imperial Age
43:18 Hand Cart
44:08 Elite Mameluke
45:03 Bloodlines
44:54 Husbandry
45:34 Heavy Plow
46:15 Conscription
48:17 Scale Barding Armor
48:27 Forging
[JGPTK] Sagital31
6:08 Loom
14:14 Feudal Age
18:12 Castle Age
16:28 Double-Bit Axe
17:56 Horse Collar
19:39 Bow Saw
21:39 Horse Collar
21:59 Town Watch
24:14 Wheelbarrow
29:06 Gold Mining
29:26 Heavy Plow
32:52 Imperial Age
31:00 Scale Mail Armor
31:11 Forging
31:06 Anarchy
32:06 Squires
32:23 Chain Mail Armor
33:39 Iron Casting
32:57 Elite Huskarl
33:58 Conscription
35:52 Blast Furnace
35:35 Conscription
35:39 Stone Mining
37:37 Crop Rotation
42:17 Hand Cart
42:13 Pikeman
46:27 Two-Man Saw
45:39 Perfusion
46:05 Man-at-Arms
46:36 Long Swordsman
47:34 Two-Handed Swordsman
[JGPTK] Doubleshot
3:57 Loom
15:54 Feudal Age
16:55 Stone Mining
20:20 Wheelbarrow
21:27 Town Watch
21:35 Horse Collar
24:49 Castle Age
22:58 Gold Mining
27:28 Ballistics
27:05 Murder Holes
27:04 Fletching
31:00 Scale Barding Armor
30:55 Scale Mail Armor
32:44 Bodkin Arrow
33:45 Pikeman
40:49 Treadmill Crane
44:53 Medium Warships
Connection lost

Rejoining the realm…

Still unreachable

The connection could not be restored.

Session expired

The server has moved on; the page needs a fresh start.